 Dungeon Crawl Stone Soup version 0.24-a0-235-g3f03afcf10 (webtiles) character file.

Game seed: 4132188880892801586

73435 MrRokkomies the Thrower (level 15, -3/149 HPs)
             Began as an Ogre Hunter on Apr 8, 2019.
             Was the Champion of Ru.
             Shot with an arrow by a centaur warrior (20 damage)
             ... on level 13 of the Dungeon.
             The game lasted 02:05:07 (27752 turns).

MrRokkomies the Thrower (Ogre Hunter)              Turns: 27752, Time: 02:05:07

Health: -3/149     AC:  5    Str: 18    XL:     15   Next: 43%
Magic:  15/15      EV: 19    Int: 10    God:    Ru [******]
Gold:   999        SH:  0    Dex: 12    Spells: 4/14 levels left

rFire    + . .     SeeInvis .   a - +1 lajatang of the Postmodern Nights {venom, rC+}
rCold    + + .     Gourm    .   (shield currently unavailable)
rNeg     + . .     Faith    .   N - +2 robe {rC+ rF+}
rPois    +         Spirit   .   v - +0 hat of the Voivode {rPois rN+ Int-4} (curse)
rElec    .         Reflect  .   (no cloak)
rCorr    .         Harm     .   (gloves unavailable)
MR       ++...                  (boots unavailable)
Stlth    +.........             L - amulet of regeneration
HPRegen  0.74/turn              l - ring of protection from magic
MPRegen  0.14/turn              D - +3 ring of evasion

@: exhausted, lightly drained
A: large, unfitting armour, screaming 1, tough skin 1, weak 1, inability to use
devices, inability to train armour, unskilled 1
a: Draw Out Power, Power Leap, Apocalypse, Renounce Religion


You were on level 13 of the Dungeon.
You worshipped Ru.
Ru was exalted by your worship.
You were not hungry.

You visited 3 branches of the dungeon, and saw 21 of its levels.
You also visited: Bailey, Gauntlet, Ice Cave and Volcano.

You collected 2437 gold pieces.
You spent 1438 gold pieces at shops.

Inventory:

Hand Weapons
 a - the +1 lajatang of the Postmodern Nights (weapon) {venom, rC+}
   (You acquired it in a bailey)

   It poisons the flesh of those it strikes.
   It protects you from cold.
 b - a +0 blowgun
 T - the +3 whip of Amutz {holy, Str+2}
   (You found it on level 12 of the Dungeon)

   It has been blessed by the Shining One to cause great damage to the undead
   and demons.
   It affects your strength (+2).
Missiles
 d - 2 needles of confusion
 e - 57 poisoned needles
 h - 642 stones
 C - 13 javelins of penetration
 O - 3 large rocks
 P - 6 exploding tomahawks
 R - 14 tomahawks (quivered)
 X - 7 curare-tipped needles
 Z - 16 silver tomahawks
Armour
 v - the cursed +0 hat of the Voivode (worn) {rPois rN+ Int-4}
   (You found it in a Gauntlet)

   It affects your intelligence (-4).
   It protects you from poison.
   It protects you from negative energy.
   It has a curse placed upon it.
 N - a +2 robe of resistance (worn)
Magical Staves
 y - an uncursed staff of wizardry
Jewellery
 k - an uncursed ring of poison resistance
 l - a ring of protection from magic (left hand)
 r - an uncursed ring of fire
 D - a +3 ring of evasion (right hand)
 F - an uncursed ring of ice
 K - an uncursed ring of see invisible
 L - an amulet of regeneration (around neck)
 M - an uncursed ring of ice
Scrolls
 i - a scroll of magic mapping
 n - 10 scrolls of remove curse
 p - 2 scrolls of fog
 t - a scroll of fear
 w - 4 scrolls of enchant weapon
 x - 2 scrolls of enchant armour
 A - 3 scrolls of immolation
 E - 4 scrolls of teleportation
 S - 3 scrolls of blinking
 V - 4 scrolls of identify
 Y - 3 scrolls of brand weapon
Potions
 c - a potion of haste
 g - a potion of resistance
 j - 4 potions of agility
 m - 6 potions of curing
 o - a potion of ambrosia
 q - 2 potions of berserk rage
 s - 2 potions of invisibility
 u - 2 potions of brilliance
 z - 3 potions of cancellation
 B - 5 potions of might
 G - 2 potions of mutation
 J - 5 potions of flight
 Q - 6 potions of heal wounds
 U - 3 potions of magic
Comestibles
 f - 25 rations


   Skills:
 - Level 10.0(9.4) Fighting
 * Level 13.7(13.1) Staves
 - Level 14.0(13.3) Throwing
 * Level 12.2(11.5) Dodging
 - Level 0.5(0.0) Stealth


You had 4 spell levels left.
You knew the following spells:

 Your Spells              Type           Power        Failure   Level  Hunger
a - Blink                 Tloc           N/A          50%         2    ###....
b - Infusion              Chrm           #...         36%         1    ##.....
c - Shroud of Golubria    Chrm/Tloc      #.........   50%         2    ###....
d - Song of Slaying       Chrm           #.......     50%         2    ###....
e - Call Canine Familiar  Summ           #.......     75%         3    ####...

Your spell library contained the following spells:

 Spells                   Type           Power        Failure   Level  Hunger
 Corona                   Hex            #......      36%         1    ##.....
 Summon Small Mammal      Summ           #...         36%         1    ##.....
 Call Imp                 Summ           #.......     50%         2    ###....
 Slow                     Hex            #.......     50%         2    ###....
 Gell's Gravitas          Tloc           #.........   75%         3    ####...
 Inner Flame              Hex/Fire       #.......     75%         3    ####...
 Lesser Beckoning         Tloc           #.........   75%         3    ####...
 Portal Projectile        Hex/Tloc       #.....       75%         3    ####...
 Regeneration             Chrm/Necr      #.........   75%         3    ####...
 Spectral Weapon          Hex/Chrm       #.......     75%         3    ####...
 Summon Guardian Golem    Hex/Summ       #.......     75%         3    ####...
 Teleport Other           Tloc           #.......     75%         3    ####...
 Cause Fear               Hex            #.........   98%         4    #####..
 Leda's Liquefaction      Hex/Erth       #.........   98%         4    #####..
 Passage of Golubria      Tloc           N/A          98%         4    #####..
 Summon Ice Beast         Ice/Summ       #.......     98%         4    #####..
 Summon Lightning Spire   Summ/Air       #.......     98%         4    #####..
 Irradiate                Conj/Tmut      #.........   100%        5    ######.
 Hydra Form               Tmut           #.........   100%        6    #######
 Statue Form              Tmut/Erth      #........    100%        6    #######
 Dragon Form              Tmut           #.........   100%        7    #######


Dungeon Overview and Level Annotations

Branches:
Dungeon (13/15)            Temple (0/1) D:5            Lair (6/6) D:11
  Swamp (0/4) Lair:3        Snake (0/4) Lair:3        Slime (0/5) Lair:5
    Orc (2/2) D:12            Elf (0/3) Orc:2
 Vaults: D:13-14

Altars:
Ashenzari
Fedhas
Makhleb
Okawaru
Qazlal
Ru
Sif Muna
Wu Jian
Xom
Jiyva

Shops:
D:10 (   Orc:1 !   Orc:2 [}[!

Annotations:
D:6 1 runed translucent door, whodunnit's ghost, amateur DsMo
Lair:3 3 runed translucent doors, yrara's ghost, journeyman DsFi


Innate Abilities, Weirdness & Mutations

You are too large for most types of armour.
You occasionally shout uncontrollably at your foes.
You have tough skin. (AC +1)
You are weak. (Str -2)
You cannot study or use magical devices.
You cannot train Armour skill.
You are somewhat unskilled. (-1 Apt)


Message History

The centaur warrior shoots an arrow.
The arrow completely misses you. The centaur closely misses you. x2
The centaur hits you but does no damage.
The troll closely misses you. The troll completely misses you.
The troll claws you!
* * * LOW HITPOINT WARNING * * *
You feel much better.
The centaur warrior shoots an arrow.
The arrow closely misses you. The centaur closely misses you.
The centaur completely misses you. The centaur misses you.
The centaur barely misses you. The centaur misses you.
The centaur warrior shoots an arrow.
The arrow hits you.
* * * LOW HITPOINT WARNING * * *
The centaur hits you but does no damage.
The troll misses you. The troll claws you!
* * * LOW HITPOINT WARNING * * *
The troll barely misses you. The centaur barely misses you.
The centaur hits you but does no damage.
The centaur completely misses you.
The centaur warrior shoots an arrow.
The arrow hits you!!
You die...

... .. ... ...
.. .. .... #..
#.#####..#
..#........###
.##.. ..#......
.c...##cc(.....
.......@).# ..
.......Tc.##...
.###...((......
#(.((.......
#...(.###...
.....((..# ##
....(....#
#........#
#.........


You could see a centaur warrior, a troll and 3 centaurs.

Vanquished Creatures
  Jorgrun (D:12)
  A frost giant (IceCv)
  A stone giant (Orc:2)
  An ettin (D:12)
  Fannar (D:12)
  Erolcha (Orc:2)
  Harold (Lair:2)
  6 hydras
  3 catoblepae (Lair:6)
  2 two-headed ogres
  12 death yaks
  Sonja (D:11)
  An unseen horror (D:12)
  2 lindwurms (Volcano)
  4 orc knights
  An ugly thing (D:12)
  5 orc sorcerers
  An oklob plant (D:11)
  3 manticores
  2 black mambas
  6 elephants
  A toenail golem (Volcano)
  8 spiny frogs
  4 molten gargoyles (Volcano)
  Psyche (D:10)
  2 efreet (Volcano)
  2 rime drakes
  3 komodo dragons
  2 ice devils (D:11)
  A tengu conjurer (Gauntlet)
  4 trolls
  A hornet (D:7)
  14 blink frogs
  2 bog bodies (Lair:3)
  18 polar bears
  Grinder (D:6)
  9 hippogriffs
  2 dream sheep (D:8)
  A large abomination (Gauntlet)
  2 shadows (D:11)
  34 yaks
  2 wyverns
  A hungry ghost (D:12)
  A fire elemental (Volcano)
  2 basilisks (Lair:2)
  2 small abominations (Gauntlet)
  2 wargs
  A swamp worm (Gauntlet)
  7 water moccasins
  3 porcupines
  47 orc warriors
  3 sky beasts
  An ice beast (D:4)
  A black bear (Lair:4)
  An eye of draining (D:11)
  A phantom (D:8)
  15 ogres
  40 wolves
  19 centaurs
  2 necrophages
  10 crocodiles
  9 big kobolds
  11 bullfrogs
  An earth elemental (Volcano)
  2 gnoll sergeants (D:12)
  2 wyvern zombies
  A wyvern skeleton (D:11)
  2 scorpions
  15 killer bees
  5 wights (D:11)
  A howler monkey (D:8)
  3 centaur zombies
  A crimson imp (D:11)
  3 bullfrog zombies
  A quasit (D:11)
  5 hounds
  15 orc priests
  2 jellies
  A bullfrog skeleton (D:11)
  23 orc wizards
  4 centaur skeletons
  Ijyb (D:3)
  6 hell rats (Lair:4)
  4 iguanas
  7 worker ants
  A hound zombie (D:8)
  2 howler monkey zombies
  A worker ant zombie (D:8)
  11 gnolls
  A howler monkey skeleton (D:5)
  13 adders
  A shadow imp (D:10)
  An ooze (D:4)
  An adder zombie (D:9)
  An adder skeleton (D:6)
  2 worms
  2 dart slugs
  72 orcs
  5 giant cockroaches
  20 goblins
  4 hobgoblins
  10 jackals
  7 kobolds
  4 quokkas
  2 ball pythons
  7 bats
  12 frilled lizards
  A jackal skeleton (D:6)
  A jackal zombie (D:8)
  6 rats
  2 plants
644 creatures vanquished.

Vanquished Creatures (collateral kills)
  A tengu warrior (Gauntlet)
1 creature vanquished.

Vanquished Creatures (others)
  A minotaur (Gauntlet)
  A death yak (Lair:3)
  A manticore (Lair:6)
  2 polar bears (IceCv)
  A yak (IceCv)
  2 swamp worms (Gauntlet)
  A porcupine (Lair:5)
  A black bear (Lair:4)
  2 wolves
  3 centaurs
  A killer bee (D:11)
  A worker ant (D:11)
  2 orcs
  2 fungi
  26 plants
47 creatures vanquished.

Grand Total: 692 creatures vanquished

Notes
Turn   | Place    | Note
-------+----------+-------------------------------------------
     0 | D:1      | MrRokkomies the Ogre Hunter began the quest for the Orb.
     0 | D:1      | Reached XP level 1. HP: 22/22 MP: 1/1
   393 | D:1      | Reached XP level 2. HP: 31/31 MP: 2/2
  1251 | D:2      | Reached XP level 3. HP: 39/39 MP: 3/3
  1700 | D:2      | Found a sacrificial altar of Ru.
  1728 | D:2      | Became a worshipper of Ru the Awakened
  1889 | D:3      | Found a blossoming altar of Fedhas.
  1906 | D:3      | Reached XP level 4. HP: 43/49 MP: 4/4
  2094 | D:3      | Reached skill level 5 in Throwing
  2269 | D:3      | Found a stormy altar of Qazlal.
  2510 | D:3      | Reached skill level 5 in Fighting
  2548 | D:3      | Noticed Ijyb
  2552 | D:3      | Reached XP level 5. HP: 45/57 MP: 5/5
  2563 | D:3      | Killed Ijyb
  2973 | D:3      | Found a shattered altar of Ashenzari.
  3007 | D:4      | Noticed an ogre
  3012 | D:4      | Killed an ogre
  3012 | D:4      | Reached XP level 6. HP: 67/67 MP: 6/6
  3059 | D:4      | Found a sacrificial altar of Ru.
  3075 | D:4      | Gained mutation: You cannot train Armour skill. [Ru
                  | sacrifice]
  3075 | D:4      | Reached * piety under Ru
  3142 | D:4      | Reached skill level 6 in Throwing
  3419 | D:4      | Reached XP level 7. HP: 40/78 MP: 7/7
  3849 | D:4      | Reached skill level 7 in Throwing
  4078 | D:5      | Entered Level 5 of the Dungeon
  4328 | D:5      | Found a stormy altar of Qazlal.
  4344 | D:5      | Reached XP level 8. HP: 89/89 MP: 8/8
  4383 | D:5      | Found a staircase to the Ecumenical Temple.
  4754 | D:6      | Noticed Grinder
  4759 | D:6      | Killed Grinder
  4812 | D:6      | Reached skill level 8 in Throwing
  5600 | D:6      | Reached skill level 10 in Fighting
  5620 | D:6      | Gained mutation: You are somewhat unskilled. (-1 Apt) [Ru
                  | sacrifice]
  5620 | D:6      | Reduced skill Throwing to level 7
  5620 | D:6      | Reached ** piety under Ru
  5620 | D:6      | Reached *** piety under Ru
  5721 | D:6      | Reached skill level 8 in Throwing
  5803 | D:6      | Found a runed translucent door.
  5803 | D:6      | Noticed a skeletal warrior
  5804 | D:6      | Noticed whodunnit's ghost (amateur DsMo)
  6188 | D:7      | Reached XP level 9. HP: 101/101 MP: 9/9
  6226 | D:7      | Reached skill level 10 in Fighting
  6290 | D:7      | Found a deep blue altar of Sif Muna.
  6406 | D:7      | Found a shimmering altar of Xom.
  7198 | D:8      | Noticed a two-headed ogre
  7579 | D:8      | Noticed a hornet
  7703 | D:8      | Paralysed by a hornet for 1 turns
  7711 | D:7      | Killed a hornet
  7711 | D:7      | Reached skill level 9 in Throwing
  8154 | D:8      | Killed a two-headed ogre
  8162 | D:8      | Reached XP level 10. HP: 34/110 MP: 10/10
  8597 | D:8      | Reached skill level 5 in Dodging
  8619 | D:8      | Reached skill level 10 in Throwing
  8825 | D:8      | Noticed a two-headed hydra
  8854 | D:8      | Killed a two-headed hydra
  8857 | D:8      | Gained mutation: You cannot study or use magical devices.
                  | [Ru sacrifice]
  8857 | D:8      | Reached **** piety under Ru
  8857 | D:8      | Reached ***** piety under Ru
  9314 | D:9      | Noticed a two-headed ogre
  9322 | D:9      | Killed a two-headed ogre
  9605 | D:9      | Found a burning altar of Makhleb.
  9938 | D:9      | Reached skill level 11 in Throwing
 10261 | D:9      | Reached XP level 11. HP: 117/117 MP: 11/11
 10292 | D:9      | Found an iron altar of Okawaru.
 10403 | D:10     | Entered Level 10 of the Dungeon
 10627 | D:10     | Found Heimu's Weapon Boutique.
 10648 | D:10     | Bought a +0 whip of venom for 60 gold pieces
 10649 | D:10     | Bought a +2 quarterstaff of protection for 201 gold pieces
 10729 | D:10     | Noticed Psyche
 10737 | D:10     | Killed Psyche
 10737 | D:10     | Reached skill level 1 in Staves
 11061 | D:11     | Noticed a manticore
 11073 | D:11     | Killed a manticore
 11152 | D:11     | Found a gate leading to a gauntlet.
 11162 | Gauntlet | Entered a Gauntlet
 11162 | Gauntlet | Found a transporter.
 11165 | Gauntlet | Noticed a tengu warrior
 11167 | Gauntlet | Found a transporter.
 11173 | Gauntlet | Killed a tengu warrior
 11177 | Gauntlet | Found a transporter.
 11185 | Gauntlet | Got a vibrating copper ring
 11195 | Gauntlet | Noticed a sixfirhy
 11197 | Gauntlet | Identified the ring "Utuateapn" {Fire rElec rPois Slay-4}
                  | (You found it in a Gauntlet)
 11217 | Gauntlet | Found a runed translucent gate.
 11218 | Gauntlet | Found a transporter.
 11218 | Gauntlet | Found a runed translucent gate.
 11223 | Gauntlet | Found a runed translucent gate.
 11226 | Gauntlet | Found a transporter.
 11227 | Gauntlet | Found a transporter.
 11227 | Gauntlet | Found a transporter.
 11269 | Gauntlet | Found a transporter.
 11269 | Gauntlet | Found a transporter.
 11292 | Gauntlet | Got an ichor-stained hat
 11391 | Gauntlet | Identified the cursed +0 hat of the Voivode {rPois rN+
                  | Int-4} (You found it in a Gauntlet)
 11400 | Gauntlet | Identified the +10 war axe of the Brain {venom, +Fly Str+3
                  | Dex+3}
 11400 | Gauntlet | Noticed a minotaur
 11418 | Gauntlet | HP: 5/175 [minotaur/the +10 war axe of the Brain {venom,
                  | +Fly Str+3 Dex+3} (17)]
 11420 | Gauntlet | Killed a minotaur
 11602 | D:11     | Found a frozen archway.
 11618 | IceCv    | Entered an ice cave
 12107 | IceCv    | Reached skill level 5 in Staves
 12531 | IceCv    | Gained mutation: You occasionally shout uncontrollably at
                  | your foes. [Ru sacrifice]
 12605 | IceCv    | Reached XP level 12. HP: 55/126 MP: 8/12
 13380 | IceCv    | Noticed a frost giant
 13383 | IceCv    | Killed a frost giant
 13383 | IceCv    | Reached skill level 10 in Dodging
 13429 | IceCv    | Found the +6 shillelagh "Devastator" {shatter}
 13431 | IceCv    | Got a fine robe
 13461 | IceCv    | Identified the +0 robe of Compression {MP+9} (You found it
                  | in an ice cave)
 14212 | D:11     | Learned a level 2 spell: Blink
 14214 | D:11     | Learned a level 1 spell: Infusion
 14217 | D:11     | Learned a level 2 spell: Shroud of Golubria
 14220 | D:11     | Learned a level 2 spell: Song of Slaying
 14224 | D:11     | Learned a level 3 spell: Call Canine Familiar
 14308 | D:11     | Found a sacrificial altar of Ru.
 14312 | D:11     | Noticed Sonja
 14316 | D:11     | Killed Sonja
 14372 | D:11     | Found a staircase to the Lair.
 14945 | Lair:1   | Entered Level 1 of the Lair of Beasts
 15244 | Lair:1   | Noticed a five-headed hydra
 15251 | Lair:1   | Killed a five-headed hydra
 15251 | Lair:1   | Reached XP level 13. HP: 133/133 MP: 13/13
 15571 | Lair:1   | Reached skill level 12 in Throwing
 16455 | Lair:2   | Noticed Harold
 16498 | Lair:2   | Killed Harold
 17033 | Lair:3   | Found a staircase to the Swamp.
 17098 | Lair:3   | Found a runed translucent gate.
 17098 | Lair:3   | Found a runed translucent gate.
 17098 | Lair:3   | Found a runed translucent gate.
 17385 | Lair:3   | Reached skill level 10 in Staves
 17480 | Lair:3   | Found a staircase to the Snake Pit.
 17640 | Lair:3   | Noticed yrara's ghost (journeyman DsFi)
 18152 | Lair:4   | Found an ornate altar of the Wu Jian Council.
 18475 | Lair:4   | Reached skill level 13 in Throwing
 19349 | Lair:5   | Found a staircase to the Slime Pits.
 19349 | Lair:5   | Found a viscous altar of Jiyva.
 20117 | Lair:6   | Entered Level 6 of the Lair of Beasts
 20355 | Lair:6   | Reached XP level 14. HP: 52/143 MP: 14/14
 20597 | Lair:6   | Found a dark tunnel.
 20606 | Volcano  | Entered a volcano
 21609 | Lair:6   | Reached skill level 14 in Throwing
 23177 | Lair:6   | Found the +8 storm bow {elec, penet}
 23688 | D:12     | Found a staircase to the Orcish Mines.
 23821 | D:12     | Gained mutation: You are weak. (Str -2) [Ru sacrifice]
 23821 | D:12     | Reached ****** piety under Ru
 23962 | D:12     | Got a fine whip
 23963 | D:12     | Identified the +3 whip of Amutz {holy, Str+2} (You found it
                  | on level 12 of the Dungeon)
 24399 | Orc:1    | Entered Level 1 of the Orcish Mines
 24399 | Orc:1    | Found a flagged portal.
 24399 | Orc:1    | Noticed Fannar
 24411 | Orc:1    | Noticed Jorgrun
 24547 | D:12     | Killed Fannar
 24646 | D:12     | Reached XP level 15. HP: 35/149 MP: 15/15
 24847 | D:12     | Killed Jorgrun
 25006 | Bailey   | Entered a bailey
 25562 | Bailey   | Identified a scroll of acquirement
 25563 | Bailey   | Got a slimy lajatang
 25564 | Bailey   | Identified the +1 lajatang of the Postmodern Nights {venom,
                  | rC+} (You acquired it in a bailey)
 25745 | Orc:1    | Found Koluosuq's Distillery.
 25760 | Orc:1    | Bought 2 potions of heal wounds for 150 gold pieces
 25760 | Orc:1    | Bought a potion of heal wounds for 75 gold pieces
 25891 | Orc:2    | Entered Level 2 of the Orcish Mines
 25898 | Orc:2    | Found a staircase to the Elven Halls.
 26401 | Orc:2    | Noticed Erolcha
 26411 | Orc:2    | Killed Erolcha
 27575 | Orc:2    | Found Iffesued's Antique Armour Emporium.
 27575 | Orc:2    | Found Efraseil's Gadget Boutique.
 27576 | Orc:2    | Found Sasauff's Antique Armour Shop.
 27588 | Orc:2    | Found Ostru's Distillery.
 27626 | Orc:2    | Bought a potion of heal wounds for 85 gold pieces
 27626 | Orc:2    | Bought a potion of heal wounds for 85 gold pieces
 27629 | Orc:2    | Bought a colourful robe for 136 gold pieces
 27639 | Orc:2    | Identified the +1 robe of Wounoluy {Dex+3} (You bought it
                  | in a shop on level 2 of the Orcish Mines)
 27658 | Orc:2    | Bought a potion of haste for 170 gold pieces
 27658 | Orc:2    | Bought a potion of cancellation for 136 gold pieces
 27658 | Orc:2    | Bought a potion of curing for 51 gold pieces
 27658 | Orc:2    | Bought a potion of invisibility for 136 gold pieces
 27658 | Orc:2    | Bought a potion of might for 68 gold pieces
 27658 | Orc:2    | Bought a potion of berserk rage for 85 gold pieces
 27748 | D:13     | HP: 4/149 [centaur warrior/arrow (14)]
 27752 | D:13     | Shot with an arrow by a centaur warrior

Levels and vault maps discovered:
D:1:      lemuel_arrival_room, layout_basic, serial_co_window_serial,
          co_window_corner_a, co_window_cross_1, co_window_paths_a,
          co_window_corner_a, co_window_paths_a, co_window_corner_cb,
          co_window_paths_c, co_window_corner_cb, co_window_corner_b,
          co_window_of_opportunity_c, co_window_of_opportunity_c,
          co_window_paths_c, glass_columns_a
D:2:      layout_basic, serial_glass, glass_columns_a, glass_columns_a,
          glass_columns_a, glass_columns_c, nicolae_ru_awakened_eye
D:3:      kennysheep_goblin_castle, layout_rooms, ashenzari_conservatory_becter,
          fedhas_altar_3, nicolae_qazlal_general_emergency
D:4:      layout_loops_ring, lemuel_round_altar, minmay_starry_boxes
D:5:      layout_basic, overflow_temple_1_default, temple_statues, first_ration,
          grunt_ministairs_8, nrook_mini_backslash
D:6:      layout_cave_pools, ebering_ghost_inner_flame, uniq_grinder
D:7:      layout_basic, xom_teletrap_fun, basic_altar, serial_park_tiny_2
D:8:      layout_rooms, hangedman_ranch [blue_anna_fruit_fields]
D:9:      layout_rooms, lemuel_crystal_altar, kennysheep_okawaru_gauntlet
D:10:     layout_long_grid, serial_shops, shop, kennysheep_generic_room_6,
          uniq_psyche
D:11:     minmay_bloctagon, layout_basic, dpeg_oklobed_lair, basic_altar,
          portal_ice_cave_demonic_guard, gauntlet_entry_generic, uniq_sonja
D:12:     layout_gridville, kennysheep_orc_monster_closet_entryway
D:13:     layout_cave_pools, uniq_rupert
Lair:1:   layout_regular_city
Lair:2:   layout_misc_corridors, serial_bayou_shore_b, uniq_harold
Lair:3:   layout_chaotic_city, skrybe_swamp_entry_bodies,
          ebering_ghost_rock_garden, minivault_24, infiniplex_staircase_pool
Lair:4:   wad_woods_stonehenge, layout_cave_pods
Lair:5:   layout_gridlike, slime_altar_1, grunt_megastairs_4
Lair:6:   evilmike_catoblepas_cave, layout_cave_pods,
          lightli_volcano_entry_magma_tube, chequers_serial_rivers_micro_d
Orc:1:    layout_caves, enter_bailey_2, serial_shops,
          nicolae_shop_competitors_out_of_business, uniq_jorgrun, uniq_fannar
Orc:2:    st_orc_rangers, layout_caves, nicolae_orc_sculptors_studio,
          uniq_erolcha
Bailey:   bailey_polearm_2, bailey
IceCv:    ice_cave_caverns_03
Volcano:  volcano_aerie
Gauntlet: minmay_gauntlet_77_tree [minmay_gauntlet_arena_77_chump_sandwich,
          minmay_gauntlet_arena_77_run_for_it, minmay_gauntlet_arena_77_museum,
          minmay_gauntlet_arena_77_fan, minmay_gauntlet_arena_77_checkered,
          minmay_gauntlet_arena_77_path, minmay_gauntlet_arena_77_block_sizes,
          nicolae_gauntlet_exit_dead_adventurers]

Skill      XL: |  1  2  3  4  5  6  7  8  9 10 11 12 13 14 15 |
---------------+----------------------------------------------+-----
Fighting       | 3 4 5 7 8 9 10 | 10.0
Throwing       | 5 6 7 8 9 11 13 14 | 14.0
Dodging        | 4 7 9 10 11 12 | 12.2
Staves         | 5 9 11 13 | 13.7
Stealth        | |  0.5

Action                   |  1- 3 |  4- 6 |  7- 9 | 10-12 | 13-15 || total
-------------------------+-------+-------+-------+-------+-------++-------
Melee: Short sword       |    75 |       |       |       |       ||    75
       Dagger            |    39 |   162 |   308 |   251 |       ||   760
       Quarterstaff      |       |       |       |   722 |  1460 ||  2182
       Shillelagh        |       |       |       |     2 |       ||     2
       Lajatang          |       |       |       |       |   171 ||   171
 Fire: Blowgun           |       |       |       |       |   104 ||   104
Throw: Tomahawk          |    15 |     5 |    56 |    66 |    43 ||   185
       Large rock        |       |     7 |    20 |    24 |     8 ||    59
       Throwing net      |       |       |     5 |     1 |       ||     6
       Stone             |       |       |       |     7 |   186 ||   193
       Javelin           |       |       |       |     7 |    14 ||    21
Invok: Sacrifice Durabil |       |     1 |       |       |       ||     1
       Sacrifice Skill   |       |       |     1 |       |       ||     1
       Draw Out Power    |       |       |       |     2 |     3 ||     5
       Sacrifice Artific |       |       |       |     1 |       ||     1
       Power Leap        |       |       |       |     1 |     5 ||     6
       Sacrifice Purity  |       |       |       |     1 |     1 ||     2
       Apocalypse        |       |       |       |     1 |     1 ||     2
       Reject Sacrifices |       |       |       |       |     1 ||     1
Evoke: Wand              |       |       |     4 |       |       ||     4
  Use: Scroll            |     4 |     7 |    12 |    13 |    11 ||    47
       Potion            |       |       |     4 |     4 |     5 ||    13
 Stab: Distracted        |       |     1 |     1 |     3 |     5 ||    10
       Invisible         |       |       |     3 |     4 |    24 ||    31
       Held in net/web   |       |       |     1 |     1 |       ||     2
       Paralysed         |       |       |       |    19 |    36 ||    55
       Petrified         |       |       |       |       |    29 ||    29
       Petrifying        |       |       |       |       |     3 ||     3
       Confused          |       |       |       |       |     1 ||     1
       Sleeping          |       |       |       |       |     1 ||     1
  Eat: Chunk             |     3 |     4 |    14 |    14 |    20 ||    55
       Ration            |       |       |     1 |     3 |     6 ||    10
Armor: Robe              |    44 |    52 |    76 |    29 |   140 ||   341
       Skin              |       |       |    71 |       |       ||    71
       Shadow dragon sca |       |       |       |   203 |       ||   203
       Troll leather arm |       |       |       |   120 |    84 ||   204
Dodge: Dodged            |    63 |   101 |   178 |   769 |  1255 ||  2366

Table legend:
 A = Non-vault XP
 B = Vault XP
 C = Vault XP percentage of total XP
 D = Non-vault monster count
 E = Vault monster count
 F = Vault count percentage of total count
                 A         B        C        D         E       F
            +---------+---------+-------+---------+---------+-------
      Total |   52260 |   52648 |  50.2 |     426 |     228 |  34.9
            +---------+---------+-------+---------+---------+-------
        D:1 |      26 |       0 |   0.0 |      18 |       0 |   0.0
        D:2 |      46 |       0 |   0.0 |      19 |       0 |   0.0
        D:3 |      80 |      55 |  40.7 |      23 |      12 |  34.3
        D:4 |     676 |     112 |  14.2 |      25 |       3 |  10.7
        D:5 |     300 |      13 |   4.2 |       6 |       1 |  14.3
        D:6 |     670 |     267 |  28.5 |      20 |       1 |   4.8
        D:7 |    1097 |       0 |   0.0 |      18 |       0 |   0.0
        D:8 |    1666 |    2174 |  56.6 |      19 |       8 |  29.6
        D:9 |    2112 |       3 |   0.1 |      18 |       2 |  10.0
       D:10 |     492 |     404 |  45.1 |      10 |       1 |   9.1
       D:11 |    3879 |    3727 |  49.0 |      38 |      19 |  33.3
       D:12 |    8472 |    5715 |  40.3 |      57 |      22 |  27.8
       D:13 |     115 |       0 |   0.0 |       2 |       0 |   0.0
     Lair:1 |    2962 |       0 |   0.0 |      12 |       0 |   0.0
     Lair:2 |    3230 |     976 |  23.2 |      16 |       1 |   5.9
     Lair:3 |    4259 |     283 |   6.2 |      12 |       2 |  14.3
     Lair:4 |    6203 |     674 |   9.8 |      34 |       6 |  15.0
     Lair:5 |    3442 |     105 |   3.0 |      12 |       1 |   7.7
     Lair:6 |    6853 |   12903 |  65.3 |      21 |      23 |  52.3
      Orc:1 |    2631 |       0 |   0.0 |      20 |       0 |   0.0
      Orc:2 |    3049 |    5290 |  63.4 |      26 |      37 |  58.7
     Bailey |       0 |    2475 | 100.0 |       0 |      26 | 100.0
      IceCv |       0 |   10602 | 100.0 |       0 |      43 | 100.0
    Volcano |       0 |    4296 | 100.0 |       0 |      11 | 100.0
   Gauntlet |       0 |    2574 | 100.0 |       0 |       9 | 100.0
            +---------+---------+-------+---------+---------+-------
